 Dungeon Crawl Stone Soup version 0.27-a0-13-g87abb2d9eb (webtiles) character file.

Game seed: 4052971623072544581

696675 sahdkjhfkaj the Hoplite (level 27, -3/224 HPs)
             Began as a Formicid Abyssal Knight on Jan 2, 2021.
             Was the Champion of Lugonu.
             Slain by a Killer Klown
             ... wielding a +12 vorpal club
              (12 damage)
             ... on level 1 of the Abyss.
             The game lasted 02:06:26 (78828 turns).

sahdkjhfkaj the Hoplite (Formicid Abyssal Knight)  Turns: 78828, Time: 02:06:27

Health: -3/224     AC: 38    Str: 22      XL:     27
Magic:  14/18      EV: 13    Int: 11 (12) God:    Lugonu [******]
Gold:   10288      SH:  0    Dex:  9      Spells: 26/26 levels left

rFire    + + .     SeeInvis +   a - +9 battleaxe (distort)
rCold    . . .     Faith    .   S - +6 tower shield "Laaratti" {rPois Regen+ rCorr Dex+3}
rNeg     . . .     Spirit   .   T - +6 gold dragon scales
rPois    +         Reflect  .   (helmet unavailable)
rElec    +         Harm     .   u - +2 cloak {rPois}
rCorr    +         Rampage  .   E - +0 pair of gloves
Will     +++++                  P - +2 pair of boots
Stlth    ..........             x - necklace of Bloodlust {*Rage +Rage Will++ Int-3 Slay+6 *Curse}
HPRegen  0.87/turn              R - ring "Caatem" {+Blink Will+ MP-9 Str-3 Slay+5}
MPRegen  0.16/turn              l - ring "Zalaxtari" {+Fly rElec rPois rF+ rC-}

@: confused, no potions
A: permanent stasis, dig shafts and tunnels, four strong arms, antennae 3,
clumsy 2, deterioration 1, low mp 2, electricity resistance, weak 1, no potion
heal 2, subdued magic 1, sturdy frame 1
0: Orb of Zot
}: 4/15 runes: barnacled, slimy, silver, gossamer
a: Dig, Shaft Self, Renounce Religion, Evoke Flight, Depart the Abyss, Bend
Space, Banish, Corrupt, Enter the Abyss


You were on level 1 of the Abyss.
You worshipped Lugonu.
Lugonu was exalted by your worship.
You visited 11 branches of the dungeon, and saw 55 of its levels.
You visited the Abyss 9 times.
You also visited: Trove, Bailey and Wizlab.

You collected 11484 gold pieces.
You spent 1196 gold pieces at shops.

Inventory:

Hand Weapons
 a - a +9 battleaxe of distortion (weapon)
Missiles
 D - 12 throwing nets {!f}
Armour
 u - a +2 cloak of poison resistance (worn)
 E - a +0 pair of gloves (worn)
 P - a +2 pair of boots (worn)
 S - the +6 tower shield "Laaratti" (worn) {rPois Regen+ rCorr Dex+3}
   (You acquired it in a bailey)

   It affects your dexterity (+3).
   It protects you from poison.
   It increases your rate of regeneration.
   It provides partial protection from all sources of acid and corrosion.
 T - +6 gold dragon scales (worn)
Jewellery
 l - the ring "Zalaxtari" (right hand) {+Fly rElec rPois rF+ rC-}
   (You found it in a treasure trove)

   [ring of protection from fire]

   It protects you from fire.
   It makes you vulnerable to cold.
   It insulates you from electricity.
   It protects you from poison.
   It lets you fly.
 x - the necklace of Bloodlust (around neck) {*Rage +Rage Will++ Int-3 Slay+6 *Curse}
   (You found it on level 5 of the Pits of Slime)

   [amulet of nothing]

   It affects your intelligence (-3).
   It affects your accuracy and damage with ranged weapons and melee attacks
   (+6).
   It affects your willpower, your defense against some magical effects.
   It lets you go berserk.
   It may make you go berserk in combat.
   It curses itself when equipped.
 R - the ring "Caatem" (left hand) {+Blink Will+ MP-9 Str-3 Slay+5}
   (You found it on level 4 of the Depths)

   [ring of willpower]

   It affects your strength (-3).
   It affects your accuracy and damage with ranged weapons and melee attacks
   (+5).
   It affects your willpower, your defense against some magical effects.
   It affects your magic capacity (-9).
   It lets you blink.
Wands
 g - a wand of flame (38)
 m - a wand of iceblast (62)
 n - a wand of acid (16)
 t - a wand of polymorph (35)
 A - a wand of disintegration (59)
 C - a wand of enslavement (24)
 F - a wand of digging (34)
 N - a wand of random effects (97)
 W - a wand of paralysis (45)
Scrolls
 d - 13 scrolls of fog
 f - 9 scrolls of identify
 j - 12 scrolls of magic mapping
 k - 24 scrolls of remove curse
 y - 11 scrolls of fear
 H - 6 scrolls of holy word {!r}
 I - 3 scrolls of vulnerability
 J - 2 scrolls of summoning {!r}
 L - 2 scrolls of silence {!r}
 O - 3 scrolls of torment
 Q - 9 scrolls of amnesia
 Y - 7 scrolls of immolation
Potions
 c - 9 potions of attraction
 e - 25 potions of curing
 h - 10 potions of lignification
 i - 4 potions of heal wounds
 o - 6 potions of resistance
 p - 10 potions of brilliance
 v - 8 potions of cancellation
 z - 9 potions of flight
 B - 6 potions of invisibility
 U - 3 potions of might
 X - a potion of magic
Miscellaneous
 b - a condenser vane
 s - the horn of Geryon
 K - a lightning rod (4/4)
 M - a tin of tremorstones (2/2)


   Skills:
 - Level 20.0 Fighting
 - Level 24.9(25.0) Axes
 - Level 1.2(17.2) Maces & Flails
 - Level 20.0 Armour
 - Level 20.0 Dodging
 - Level 2.5 Stealth
 - Level 25.0 Shields
 - Level 15.0 Invocations
 + Level 16.0 Evocations


You had 26 spell levels left.
You didn't know any spells.
Your spell library contained the following spells:

 Spells                   Type           Power        Failure   Level
 Animate Skeleton         Necr           0%           99%         1
 Apportation              Tloc           0%           99%         1
 Beastly Appendage        Tmut           0%           99%         1
 Corona                   Hex            0%           99%         1
 Foxfire                  Conj/Fire      0%           99%         1
 Freeze                   Ice            0%           99%         1
 Magic Dart               Conj           0%           99%         1
 Sandblast                Erth           0%           99%         1
 Shock                    Conj/Air       0%           99%         1
 Sting                    Tmut/Pois      0%           99%         1
 Summon Small Mammal      Summ           0%           99%         1
 Call Imp                 Summ           0%           99%         2
 Corpse Rot               Necr/Air       N/A          99%         2
 Ensorcelled Hibernation  Hex/Ice        0%           99%         2
 Passwall                 Tmut/Erth      0%           99%         2
 Poisonous Vapours        Pois/Air       0%           99%         2
 Slow                     Hex            0%           99%         2
 Sublimation of Blood     Necr           0%           99%         2
 Wereblood                Tmut           0%           99%         2
 Confusing Touch          Hex            0%           100%        3
 Conjure Flame            Conj/Fire      0%           100%        3
 Dazzling Flash           Conj/Hex       0%           100%        3
 Frozen Ramparts          Ice            0%           100%        3
 Gell's Gravitas          Tloc           0%           100%        3
 Ignite Poison            Fire/Tmut/Pois 0%           100%        3
 Inner Flame              Hex/Fire       0%           100%        3
 Lesser Beckoning         Tloc           0%           100%        3
 Mephitic Cloud           Conj/Pois/Air  0%           100%        3
 Ozocubu's Armour         Ice            0%           100%        3
 Portal Projectile        Hex/Tloc       0%           100%        3
 Spider Form              Tmut/Pois      0%           100%        3
 Static Discharge         Conj/Air       0%           100%        3
 Stone Arrow              Conj/Erth      0%           100%        3
 Teleport Other           Tloc           0%           100%        3
 Airstrike                Air            0%           100%        4
 Cause Fear               Hex            0%           100%        4
 Hailstorm                Conj/Ice       0%           100%        4
 Ice Form                 Ice/Tmut       0%           100%        4
 Iskenderun's Mystic Bla  Conj/Tloc      0%           100%        4
 Leda's Liquefaction      Hex/Erth       0%           100%        4
 Olgreb's Toxic Radiance  Pois           0%           100%        4
 Passage of Golubria      Tloc           N/A          100%        4
 Petrify                  Tmut/Erth      0%           100%        4
 Sticky Flame             Conj/Fire      0%           100%        4
 Summon Ice Beast         Ice/Summ       0%           100%        4
 Alistair's Intoxication  Tmut/Pois      0%           100%        5
 Blade Hands              Tmut           0%           100%        5
 Bolt of Magma            Conj/Fire/Erth 0%           100%        5
 Borgnjor's Vile Clutch   Necr/Erth      0%           100%        5
 Fireball                 Conj/Fire      0%           100%        5
 Irradiate                Conj/Tmut      0%           100%        5
 Iskenderun's Battlesphe  Conj           0%           100%        5
 Lee's Rapid Deconstruct  Erth           0%           100%        5
 Lightning Bolt           Conj/Air       0%           100%        5
 Metabolic Englaciation   Hex/Ice        0%           100%        5
 Silence                  Hex/Air        0%           100%        5
 Summon Forest            Summ/Tloc      0%           100%        5
 Yara's Violent Unravell  Hex/Tmut       0%           100%        5
 Conjure Ball Lightning   Conj/Air       0%           100%        6
 Death Channel            Necr           0%           100%        6
 Dispersal                Tloc           0%           100%        6
 Eringya's Noxious Bog    Tmut/Pois      0%           100%        6
 Freezing Cloud           Conj/Ice/Air   0%           100%        6
 Hydra Form               Tmut           0%           100%        6
 Invisibility             Hex            0%           100%        6
 Iron Shot                Conj/Erth      0%           100%        6
 Ozocubu's Refrigeration  Ice            0%           100%        6
 Shadow Creatures         Summ           N/A          100%        6
 Simulacrum               Ice/Necr       0%           100%        6
 Statue Form              Tmut/Erth      0%           100%        6
 Dragon Form              Tmut           0%           100%        7
 Haunt                    Necr/Summ      0%           100%        7
 Summon Hydra             Summ           0%           100%        7
 Borgnjor's Revivificati  Necr           0%           100%        8
 Discord                  Hex            0%           100%        8
 Disjunction              Tloc           0%           100%        8
 Ignition                 Fire           0%           100%        8
 Infestation              Necr           0%           100%        8
 Necromutation            Tmut/Necr      0%           100%        8
 Death's Door             Necr           0%           100%        9
 Shatter                  Erth           0%           100%        9
 Tornado                  Air            0%           100%        9
 Blink                    Tloc           Unusable     N/A         2
 Swiftness                Air            Unusable     N/A         2

Dungeon Overview and Level Annotations

Branches:
Dungeon (15/15)            Temple (0/1) D:6            Lair (6/6) D:11
 Shoals (4/4) Lair:2       Spider (4/4) Lair:3        Slime (5/5) Lair:6
    Orc (2/2) D:9             Elf (3/3) Orc:2        Vaults (5/5) D:14
  Crypt (0/3) Vaults:2     Depths (5/5) D:15           Hell (visited)
    Dis (0/7) Hell            Geh (0/7) Hell            Coc (0/7) Hell
    Tar (0/7) Hell            Zot (5/5) Depths:5     Bailey (visited)
 WizLab (visited)

Altars:
Dithmenos
Gozag
Kikubaaqudgha
Okawaru
Ru
Trog
Wu Jian
Xom
The Shining One
Jiyva
Lugonu

Shops:
D:10 =   D:14 (   D:15 ?   Orc:2 }(*   Shoals:3 *   Vaults:3 =   Depths:3 :[!
Depths:4 [

Portals:
Hell: Depths:1 Depths:2 Depths:3 Depths:4 Depths:5
Abyss: Depths:1 Depths:2 Depths:4
Pandemonium: Depths:2 Depths:3
Ziggurat: Depths:1

Annotations:
Vaults:2 3 runed translucent doors, exclusion: 3 doors, Faydane's ghost, veteran HuFi
Vaults:5 corrupted
Zot:5 2 runed translucent doors, sokol815's ghost, legendary OpIE
Abyss:1 Ijyb; Josephine; Menkaure


Innate Abilities, Weirdness & Mutations

You cannot be hasted, slowed, berserked, paralysed or teleported.
You can dig through walls and to a lower floor.
Your four strong arms can wield two-handed weapons with a shield.
You have a pair of large antennae on your head. (SInv)
You are very clumsy. (Dex -4)
Your body sometimes deteriorates upon taking damage.
Your magical capacity is very low. (-20% MP)
You are resistant to electric shocks. (rElec)
You are weak. (Str -2)
Potions are poor at restoring your health.
Your spells are a little easier to cast, but a little less powerful.
Your movements are slightly less encumbered by armour. (ER -2)


Message History

This branch contains the abyssal rune of Zot.
Beware, you cannot shaft yourself on this level.
Level annotation: Ijyb; Josephine; Menkaure
Found a corrupted altar of Lugonu.
Unknown command.
Unknown command.
Unknown command.
You start resting.
You sense a monster nearby.
You start resting.
There are monsters nearby!
You are confused.
Your system partially rejects the healing.
You feel invigorated. The Killer Klown pies you viciously!
The klown pie hits you!!
Lemon!
You feel unable to drink.
* * * LOW HITPOINT WARNING * * *
The Killer Klown blinks!
The Killer Klown trip-wires you with a +12 vorpal club!
You die...

#. #.. .#.#
#...# .....#
....._# .
.......####....
.......@p...D..
.......####ยง...
......# . .....#
#...# ..'# ##. #


You could see a Killer Klown and a shadow dragon.

Vanquished Creatures
  the Royal Jelly (Slime:5)
  Dissolution (Slime:1)
  6 orbs of fire (Zot:4)
  4 ancient liches
  Mara (Depths:1)
  2 juggernauts
  Sojobo (Depths:1)
  Bai Suzhen (Abyss:1)
  A Killer Klown (Zot:2)
  Saint Roka (Depths:2)
  2 curse toes
  Geryon (Hell)
  The ghost of Plog the Warrior, an adept DgCj (Depths:4)
  6 golden dragons
  A pandemonium lord (Zot:4)
  A bone dragon (Abyss:5)
  A hellephant (Depths:5)
  18 tentacled monstrosities
  2 electric golems (Zot:5)
  3 liches
  3 titans
  23 Orb Guardians
  3 deep elf blademasters
  4 quicksilver dragons
  3 deep elf master archers
  11 acid blobs
  A kraken (Shoals:2)
  11 death cobs
  Frances (Shoals:1)
  5 tentacled starspawn
  4 sphinxes
  Agnes (Spider:4)
  4 draconian monks
  Kirke (Shoals:2)
  7 tengu reavers
  11 storm dragons
  Donald (Vaults:3)
  4 azure jellies (Slime:5)
  8 shadow dragons
  6 fire giants
  2 draconian knights
  2 iron dragons (Depths:5)
  14 vault wardens
  6 deep elf sorcerers
  5 draconian scorchers
  Aizul (Elf:2)
  A balrug (Hell)
  10 frost giants
  6 ghost moths
  6 deep elf elementalists
  4 draconian shifters
  5 draconian stormcallers
  7 emperor scorpions
  3 reapers
  A spriggan defender (Depths:4)
  Louise (Spider:4)
  28 very ugly things
  3 ghouls
  12 ironheart preservers
  17 stone giants
  7 vampire knights
  14 green draconians
  Nessos (D:13)
  3 draconian annihilators
  7 deep elf demonologists
  14 black draconians
  13 deep elf annihilators
  8 yellow draconians
  2 eidola
  3 spark wasps
  7 red draconians
  8 white draconians
  27 purple draconians
  4 entropy weavers
  2 lorocyprocas
  A crystal guardian (Vaults:4)
  10 ettins
  A blizzard demon (Hell)
  5 death oozes
  6 merfolk javelineers
  8 deep elf death magi
  9 statues (WizLab)
  10 merfolk impalers
  13 fire dragons
  15 yaktaur captains
  9 great orbs of eyes
  9 ogre magi
  9 hydras
  5 rakshasas
  9 centaur warriors
  14 ice dragons
  3 deep elf high priests
  9 vault guards
  Harold (D:7)
  4 boulder beetles
  An alligator snapping turtle (Shoals:4)
  4 merfolk avatars
  4 merfolk aquamancers (Shoals:4)
  26 two-headed ogres
  28 dancing weapons
  A satyr (Shoals:4)
  6 death knights
  3 deep troll earth magi (Depths:2)
  9 deep troll shamans
  6 tengu warriors
  10 death yaks
  11 hell hogs
  8 thrashing horrors
  An orc high priest (Orc:2)
  A vampire mage (Depths:2)
  6 sun demons
  4 spriggan berserkers
  8 spriggans
  22 deep elf knights
  3 wretched stars
  2 iron golems (Depths:5)
  10 soul eaters
  18 hell knights
  A shadow wraith (Vaults:4)
  2 spatial maelstroms
  3 iron trolls
  A death drake (Abyss:5)
  4 skeletal warriors
  15 sea snakes
  27 deep trolls
  An anaconda zombie (Hell)
  A death drake (shapeshifter) (Abyss:2)
  20 deep elf archers
  2 storm dragon skeletons
  4 unseen horrors
  An obsidian statue (Zot:5)
  9 flayed ghosts
  4 wizards
  8 phantasmal warriors
  3 glowing orange brains
  27 harpies
  12 ironbrand convokers
  A golden dragon skeleton (D:15)
  18 orc knights
  5 necromancers
  2 shining eyes
  A lindwurm (Lair:6)
  15 manticores
  11 orb spiders
  3 oklob plants
  9 cyclopes
  An orc sorcerer (Vaults:2)
  2 salamanders (Depths:4)
  69 deep elf magi
  A worldbinder (Abyss:5)
  22 wolf spiders
  A sphinx skeleton (D:15)
  20 ugly things
  A cyclops (shapeshifter) (Vaults:3)
  22 fauns
  28 moths of wrath
  18 elephants
  6 merfolk sirens
  An ice statue (Hell)
  12 vault sentinels
  3 black mambas
  7 rust devils
  5 torpor snails (Lair:6)
  2 orange demons
  A black mamba (shapeshifter) (Elf:1)
  5 smoke demons
  An eye of devastation (Slime:5)
  4 water nymphs
  7 cane toads
  An apocalypse crab (Abyss:5)
  4 efreet
  2 hellions (Hell)
  4 centaur skeletons
  5 komodo dragons
  A cane toad (shapeshifter) (Depths:4)
  53 yaktaurs
  4 kobold demonologists (D:13)
  A yaktaur (shapeshifter) (Vaults:1)
  8 demonic crawlers
  A catoblepas skeleton (Abyss:5)
  7 freezing wraiths
  A hellwing (Zot:4)
  A tormentor (Depths:3)
  7 ice devils
  A hydra zombie (Hell)
  2 tengu conjurers
  A queen bee (shapeshifter) (Vaults:2)
  5 ancient zymes
  5 trolls
  39 merfolk
  5 red devils (Hell)
  A harpy zombie (D:14)
  14 jumping spiders
  A wolf spider simulacrum (D:14)
  12 polar bears
  Grinder (Abyss:1)
  2 hydra skeletons (Hell)
  A raiju (shapeshifter) (Depths:5)
  A wind drake (shapeshifter) (Vaults:4)
  4 tyrant leeches (Lair:6)
  9 raiju
  An alligator zombie (Hell)
  27 hornets
  4 wind drakes
  11 dream sheep
  An ettin zombie (D:15)
  37 slime creatures
  9 snapping turtles
  A dream sheep (shapeshifter) (Vaults:4)
  A blink frog (shapeshifter) (Vaults:3)
  13 large abominations
  2 small abominations
  A centaur simulacrum (D:14)
  16 blink frogs
  An alligator skeleton (Hell)
  A yak (shapeshifter) (D:15)
  A shadow (D:15)
  23 tarantellas
  4 air elementals
  17 wraiths
  6 basilisks
  14 water elementals
  Sigmund (D:3)
  5 wyverns
  58 redbacks
  4 ynoxinuls
  A vampire (D:12)
  5 golden eyes (Abyss:2)
  A human (shapeshifter) (Vaults:5)
  2 hogs (Shoals:2)
  Grum (Abyss:1)
  65 yaks
  10 fire elementals
  4 chaos spawn
  4 neqoxecs
  A naga (shapeshifter) (Vaults:4)
  Edmund (D:5)
  3 acid dragons
  A spatial vortex (Abyss:5)
  17 wargs
  A soldier ant (D:11)
  7 hydra simulacra (Depths:4)
  19 water moccasins
  25 hell hounds
  3 cane toad zombies (Hell)
  3 ice beasts
  57 orc warriors
  A black bear (shapeshifter) (Depths:2)
  16 black bears
  5 sky beasts
  A necrophage (D:10)
  28 ogres
  8 eyes of draining
  34 centaurs
  A phantom (D:5)
  33 wolves
  8 boggarts
  A big kobold (D:9)
  17 bullfrogs
  6 earth elementals
  A wyvern zombie (D:14)
  2 wyvern skeletons
  A water moccasin skeleton (D:8)
  9 scorpions
  9 killer bees
  9 wights
  8 electric eels
  3 howler monkeys
  2 vampire bats (Orc:2)
  A bullfrog zombie (D:12)
  7 hounds
  3 quasits
  13 starcursed masses
  3 centaur zombies
  7 jellies
  13 orc priests
  An iron imp (Depths:5)
  24 orc wizards
  Jessica (D:3)
  4 bullfrog skeletons
  7 iguanas
  6 hell rats
  18 worker ants
  A killer bee zombie (D:10)
  2 hound zombies
  3 hound skeletons
  A howler monkey zombie (D:8)
  A worker ant zombie (D:10)
  22 gnolls
  16 adders
  A howler monkey skeleton (D:8)
  A shadow imp (D:6)
  4 white imps
  7 ufetubi
  3 oozes (Lair:6)
  4 adder skeletons
  A worm (D:2)
  3 dart slugs
  4 leopard geckos
  125 orcs
  2 ball pythons
  13 bats
  3 giant cockroaches
  32 goblins
  15 hobgoblins
  13 jackals
  14 kobolds
  5 quokkas
  3 frilled lizards
  A leopard gecko skeleton (D:6)
  2 leopard gecko zombies
  A quokka skeleton (D:4)
  11 rats
  A butterfly (Lair:4)
  2 lurking horrors
  15 starspawn tentacles
  4 tentacles (Shoals:2)
2553 creatures vanquished.

Vanquished Creatures (collateral kills)
  A slime creature (Slime:5)
1 creature vanquished.

Vanquished Creatures (others)
  An ancient lich (Vaults:5)
  A lich (D:13)
  A tentacled monstrosity (Vaults:5)
  An Ice Fiend (Vaults:5)
  2 sphinxes (Vaults:5)
  A shadow dragon (Vaults:5)
  2 tengu reavers (Vaults:5)
  A storm dragon (Vaults:5)
  5 vault wardens (Vaults:5)
  A deep elf sorcerer (Vaults:5)
  2 stone giants (Vaults:5)
  2 deep elf demonologists
  2 deep elf annihilators (Vaults:5)
  2 ettins (Vaults:5)
  4 yaktaur captains (Vaults:5)
  2 deep elf high priests (Vaults:5)
  An ogre mage (Depths:1)
  16 vault guards (Vaults:5)
  A hell hog (Depths:5)
  2 deep elf knights
  2 shadow wraiths
  2 ironbrand convokers (Vaults:5)
  A deep elf mage (Elf:2)
  A vault sentinel (Vaults:5)
  A hellwing (D:13)
  A blink frog (Lair:6)
  A water elemental (Elf:1)
  A spriggan (shapeshifter) (Vaults:5)
  A swamp worm (shapeshifter) (Vaults:5)
  A large abomination (Abyss:4)
  A bullfrog (D:14)
  4 bushes
  41 fungi
  A lurking horror (Abyss:1)
  177 plants
  19 starspawn tentacles
  3 tentacles (Shoals:2)
  4 withered plants (D:15)
312 creatures vanquished.

Grand Total: 2866 creatures vanquished

Notes
Turn   | Place    | Note
-------+----------+-------------------------------------------
     0 | Abyss:1  | sahdkjhfkaj the Formicid Abyssal Knight began the quest for
                  | the Orb.
     0 | Abyss:1  | Reached XP level 1. HP: 18/18 MP: 2/2
     0 | D:1      | Escaped the Abyss
    28 | D:1      | Reached skill level 1 in Dodging
    82 | D:1      | Reached * piety under Lugonu
   160 | D:1      | Reached XP level 2. HP: 21/24 MP: 3/3
   430 | D:1      | Reached skill level 1 in Maces & Flails
   641 | D:1      | Reached XP level 3. HP: 27/29 MP: 4/4
  1459 | D:2      | Reached XP level 4. HP: 37/37 MP: 5/5
  1495 | D:2      | Reached ** piety under Lugonu
  1791 | D:2      | Found an ornate altar of the Wu Jian Council.
  1843 | D:2      | Reached XP level 5. HP: 25/42 MP: 6/6
  3095 | D:3      | Reached XP level 6. HP: 49/49 MP: 7/7
  3183 | D:3      | Noticed Jessica
  3189 | D:3      | Killed Jessica
  3333 | D:3      | Reached skill level 5 in Fighting
  3441 | D:3      | Reached *** piety under Lugonu
  3450 | D:3      | Noticed Sigmund
  3471 | D:3      | Killed Sigmund
  3472 | D:3      | Reached XP level 7. HP: 45/56 MP: 8/8
  4086 | D:4      | Found the +15 Maxwell's patent armour {-Cast -Tele rElec
                  | Will+ rCorr}
  4130 | D:4      | Got a slimy spear
  4130 | D:4      | Identified the cursed +2 spear of Romeg {freeze, +Blink
                  | +Fly rC- Str+7} (You found it on level 4 of the Dungeon)
  4625 | D:4      | Reached skill level 5 in Invocations
  4625 | D:4      | Reached XP level 8. HP: 57/63 MP: 11/11
  4771 | D:5      | Entered Level 5 of the Dungeon
  5306 | D:5      | Noticed Grinder
  5310 | D:5      | Banished Grinder
  5464 | D:5      | Noticed Ijyb
  5467 | D:5      | Noticed Menkaure
  5469 | D:5      | Banished Ijyb
  5470 | D:5      | Banished Menkaure
  5522 | D:5      | Reached XP level 9. HP: 65/68 MP: 15/15
  5565 | D:5      | Found an iron altar of Okawaru.
  5642 | D:5      | Found a bloodstained altar of Trog.
  5648 | D:5      | Noticed Edmund
  5670 | D:5      | Killed Edmund
  6233 | D:6      | Found a staircase to the Ecumenical Temple.
  6270 | D:6      | Reached skill level 10 in Invocations
  6303 | D:6      | Reached **** piety under Lugonu
  6304 | D:6      | Reached skill level 5 in Armour
  6549 | D:6      | Found a bloodstained altar of Trog.
  7028 | D:6      | Found an opulent altar of Gozag.
  7578 | D:7      | Reached skill level 5 in Dodging
  7682 | D:7      | Reached XP level 10. HP: 67/79 MP: 17/17
  7893 | D:7      | Reached ***** piety under Lugonu
  8496 | D:7      | Noticed an unseen horror
  8517 | D:7      | Killed an unseen horror
  8596 | D:7      | Noticed a boulder beetle
  8597 | D:7      | Noticed an unseen horror
  8611 | D:7      | Killed a boulder beetle
  8625 | D:7      | Killed an unseen horror
  8630 | D:7      | Got a smoking great sword
  8630 | D:7      | Identified the +2 great sword "Egg" {pain, rN+ Str+3} (You
                  | found it on level 7 of the Dungeon)
  8971 | D:7      | Noticed Harold
  8997 | D:7      | Killed Harold
  8998 | D:7      | Reached skill level 5 in Axes
  8998 | D:7      | Reached XP level 11. HP: 51/87 MP: 18/18
  9870 | D:8      | Noticed Grum
  9879 | D:8      | Banished Grum
 11082 | D:9      | Found a sacrificial altar of Ru.
 11182 | D:9      | Found a shimmering altar of Xom.
 11341 | D:9      | Found a staircase to the Orcish Mines.
 11482 | D:10     | Entered Level 10 of the Dungeon
 11958 | D:10     | Reached skill level 10 in Axes
 11965 | D:10     | Reached XP level 12. HP: 42/94 MP: 14/19
 12529 | D:10     | Noticed Erolcha
 12530 | D:10     | Banished Erolcha
 12701 | D:10     | Found Qosmyskiore's Jewellery Emporium.
 12898 | D:10     | Noticed Josephine
 12928 | D:10     | Banished Josephine
 13839 | D:11     | Found a staircase to the Lair.
 14253 | D:11     | Reached ****** piety under Lugonu
 14440 | D:11     | Reached XP level 13. HP: 82/103 MP: 21/21
 14810 | Lair:1   | Entered Level 1 of the Lair of Beasts
 15345 | Lair:1   | Reached skill level 1 in Shields
 15350 | Lair:1   | Reached skill level 2 in Shields
 15540 | Lair:1   | Noticed a six-headed hydra
 15562 | Lair:1   | Killed a one-headed hydra
 15563 | Lair:1   | Reached skill level 4 in Shields
 15563 | Lair:1   | Reached skill level 10 in Fighting
 16310 | Lair:2   | Reached skill level 10 in Armour
 16567 | Lair:2   | Noticed a seven-headed hydra
 16579 | Lair:2   | Killed a one-headed hydra
 16630 | Lair:2   | Noticed a six-headed hydra
 16649 | Lair:2   | Killed a one-headed hydra
 16883 | Lair:2   | Noticed a five-headed hydra
 16893 | Lair:2   | Killed a one-headed hydra
 17089 | Lair:2   | Noticed a seven-headed hydra
 17107 | Lair:2   | Killed a one-headed hydra
 17410 | Lair:2   | Found a staircase to the Shoals.
 18420 | Lair:3   | Noticed a six-headed hydra
 18436 | Lair:3   | Killed a one-headed hydra
 18437 | Lair:3   | Reached XP level 14. HP: 105/111 MP: 22/22
 18670 | Lair:3   | Found a hole to the Spider Nest.
 19277 | Lair:4   | Reached skill level 5 in Shields
 19347 | Lair:4   | Reached skill level 6 in Shields
 19367 | Lair:4   | Reached skill level 7 in Shields
 19392 | Lair:4   | Reached skill level 8 in Shields
 19977 | Lair:4   | Reached skill level 9 in Shields
 20609 | Lair:4   | Reached skill level 10 in Shields
 21295 | Lair:5   | Reached skill level 11 in Shields
 21431 | Lair:5   | Escaped the Abyss
 21733 | Lair:6   | Entered Level 6 of the Lair of Beasts
 22111 | Lair:6   | Reached skill level 12 in Shields
 22111 | Lair:6   | Reached XP level 15. HP: 109/117 MP: 24/24
 22387 | Lair:6   | Reached skill level 13 in Shields
 22468 | Lair:6   | Got a faintly glowing glaive
 22468 | Lair:6   | Identified the +10 glaive "Dimaesir" {drain, rPois rN+
                  | SInv} (You found it on level 6 of the Lair of Beasts)
 22827 | Lair:6   | Found a staircase to the Slime Pits.
 23203 | Lair:6   | Reached skill level 14 in Shields
 23408 | Lair:6   | Found a runed translucent door.
 23465 | Lair:6   | Reached skill level 15 in Shields
 25496 | D:12     | Found a glowing golden altar of the Shining One.
 26531 | D:13     | Found a portal to a secret trove of treasure.
 26855 | D:13     | Reached XP level 16. HP: 111/125 MP: 25/25
 27145 | D:13     | Noticed Nessos
 27160 | D:13     | Killed Nessos
 27565 | D:14     | Found a flagged portal.
 27581 | Bailey   | Entered a bailey
 28214 | Bailey   | Identified 3 scrolls of acquirement
 28214 | Bailey   | Acquired the +6 tower shield "Laaratti" {rPois Regen+ rCorr
                  | Dex+3}
 28308 | D:13     | You paid a toll of 2 scrolls of acquirement to enter a
                  | treasure trove
 28309 | Trove    | Entered a treasure trove
 28317 | Trove    | Got an ancient bronze ring
 28350 | Trove    | Identified the ring of the Death Scarab {rN+ Dex+4} (You
                  | found it in a treasure trove)
 28352 | Trove    | Got a fine marble ring
 28354 | Trove    | Identified the ring "Zalaxtari" {+Fly rElec rPois rF+ rC-}
                  | (You found it in a treasure trove)
 28494 | D:14     | Found a shadowy altar of Dithmenos.
 28567 | D:14     | Found a gate to the Vaults.
 28614 | D:14     | Found Komm's Antique Weapon Shoppe.
 28875 | D:15     | Entered Level 15 of the Dungeon
 28953 | D:15     | Found a staircase to the Depths.
 28973 | D:15     | Found Tanos's Magic Scroll Boutique.
 29705 | D:15     | Acquired 1088 gold pieces
 29922 | Orc:1    | Entered Level 1 of the Orcish Mines
 30402 | Orc:2    | Entered Level 2 of the Orcish Mines
 30973 | Orc:2    | Reached skill level 10 in Dodging
 31331 | Orc:2    | Found a staircase to the Elven Halls.
 31519 | Orc:2    | Found Makheuq's Magic Scroll Boutique.
 31519 | Orc:2    | Found Ezuexkemai's Antique Weapon Emporium.
 31521 | Orc:2    | Found Ygila's Assorted Antiques.
 31523 | Orc:2    | Found Asuliva's Gadget Shop.
 31529 | Orc:2    | Bought a scroll of acquirement for 1196 gold pieces
 31529 | Orc:2    | Acquired a +3 battleaxe of electrocution
 31793 | Spider:1 | Entered Level 1 of the Spider Nest
 31812 | Lair:3   | Reached XP level 17. HP: 95/133 MP: 19/27
 32445 | Spider:1 | Reached skill level 15 in Invocations
 33540 | Spider:3 | Noticed Bai Suzhen
 33547 | Spider:3 | Banished Bai Suzhen
 34558 | Spider:4 | Entered Level 4 of the Spider Nest
 34592 | Spider:4 | Noticed Louise
 34608 | Spider:4 | Killed Louise
 35204 | Spider:4 | Reached skill level 16 in Shields
 35212 | Spider:4 | Noticed Agnes
 35226 | Spider:4 | Killed Agnes
 35227 | Spider:4 | Reached XP level 18. HP: 108/142 MP: 2/29
 36034 | Spider:4 | Got a gossamer rune of Zot
 36365 | Vaults:1 | Entered Level 1 of the Vaults
 36454 | Vaults:1 | Reached skill level 15 in Axes
 36503 | Vaults:1 | Cast into level 4 of the Abyss (a deep elf sorcerer)
 36504 | Vaults:1 | Escaped the Abyss
 36694 | Vaults:1 | Reached skill level 17 in Shields
 36825 | Vaults:1 | Noticed an Executioner
 37392 | Vaults:1 | Reached XP level 19. HP: 150/150 MP: 30/30
 38133 | Vaults:2 | Found a staircase to the Crypt.
 38500 | Vaults:2 | Reached skill level 18 in Shields
 39006 | Vaults:2 | Found a runed translucent gate.
 39007 | Vaults:2 | Found a runed translucent gate.
 39007 | Vaults:2 | Found a runed translucent gate.
 39021 | Vaults:2 | Gained mutation: Scrolls take you a little longer to read.
                  | [mutagenic glow]
 39041 | Vaults:2 | Gained mutation: Armour fits poorly on your strangely
                  | shaped body. [mutagenic glow]
 39051 | Vaults:2 | Gained mutation: Your magical capacity is low. (-10% MP)
                  | [mutagenic glow]
 39132 | Vaults:2 | Noticed Faydane's ghost (veteran HuFi)
 39700 | Vaults:3 | Reached XP level 20. HP: 159/159 MP: 28/28
 39836 | Vaults:3 | Identified the cursed +0 kite shield of Inquiry {Int+4}
 39836 | Vaults:3 | Noticed Donald
 39843 | Vaults:3 | Killed Donald
 40103 | Vaults:3 | Found Isoteod's Jewellery Shoppe.
 40528 | Vaults:4 | Reached skill level 19 in Shields
 41072 | Vaults:4 | Got a jewelled tower shield
 41082 | Vaults:4 | Identified the +0 tower shield of Resim {+Inv Will+} (You
                  | found it on level 4 of the Vaults)
 41494 | Vaults:4 | Reached XP level 21. HP: 157/167 MP: 26/29
 42454 | Elf:1    | Entered Level 1 of the Elven Halls
 42459 | Elf:1    | Found a magical portal.
 42469 | WizLab   | Entered Iskenderun's Mystic Tower
 42525 | WizLab   | Reached skill level 15 in Fighting
 42612 | WizLab   | Reached skill level 20 in Shields
 42890 | WizLab   | Reached skill level 15 in Armour
 43242 | WizLab   | Identified Iskenderun's Papyrus of Attacks
 43242 | WizLab   | Identified Iskenderun's Reference Book on Attacks
 43720 | Elf:1    | Found an ancient bone altar of Kikubaaqudgha.
 44561 | Elf:2    | Reached skill level 21 in Shields
 44623 | Elf:2    | Found a runed translucent gate.
 44623 | Elf:2    | Found a runed translucent gate.
 44623 | Elf:2    | Found a runed translucent gate.
 45050 | Elf:2    | Reached XP level 22. HP: 175/175 MP: 29/29
 45131 | Elf:2    | Noticed Aizul
 45154 | Elf:2    | Killed Aizul
 45339 | Elf:3    | Entered Level 3 of the Elven Halls
 45502 | Elf:3    | Reached skill level 22 in Shields
 45988 | Elf:3    | Reached skill level 23 in Shields
 46063 | Elf:3    | Identified the +5 kite shield of a volcano {Int+4}
 46081 | Elf:3    | Identified the +5 rapier "Pehauz" {vorpal, *Contam rPois
                  | Int-2 Dex+4 SInv}
 47081 | Elf:3    | Reached skill level 24 in Shields
 47099 | Elf:3    | Identified Sif Muna's Reference Book on Shape Shifting and
                  | Envenoming
 47525 | Shoals:1 | Entered Level 1 of the Shoals
 47559 | Shoals:1 | Reached XP level 23. HP: 179/181 MP: 30/30
 47712 | Shoals:1 | Noticed Frances
 47716 | Shoals:1 | You fall into a shaft and drop 1 floor!
 48132 | Shoals:1 | Killed Frances
 48483 | Shoals:2 | Noticed Kirke
 48496 | Shoals:2 | Killed Kirke
 48860 | Shoals:3 | Reached skill level 25 in Shields
 49093 | Shoals:3 | Found Atimeb's Assorted Antiques.
 49739 | Shoals:4 | Entered Level 4 of the Shoals
 50159 | Shoals:4 | Got a barnacled rune of Zot
 51303 | Vaults:5 | Entered Level 5 of the Vaults
 51334 | Abyss:1  | Killed Grum
 51356 | Vaults:5 | Escaped the Abyss
 51468 | Vaults:5 | Escaped the Abyss
 51469 | Vaults:5 | Corrupted Vaults:5
 51490 | Vaults:5 | Identified the +6 trident of Catailuv {vamp, +Fly rN+++
                  | Int+3 Stlth-}
 51502 | Vaults:5 | HP: 8/183 [yaktaur captain/bolt (6)]
 51511 | Vaults:5 | Reached XP level 24. HP: 21/191 MP: 17/30
 51530 | Vaults:5 | Killed an ancient lich
 52112 | Vaults:5 | Noticed a golden dragon
 52123 | Vaults:5 | Killed a golden dragon
 52211 | Vaults:5 | Identified the amulet "Atuv" {RegenMP Str+5 Int-5 Dex+4}
 52575 | Vaults:5 | Identified the +8 broad axe "Beamuona" {flame, rN+ Int+4}
 52776 | Vaults:5 | Got a silver rune of Zot
 53027 | Vaults:5 | Noticed a golden dragon
 53039 | Vaults:5 | Killed a golden dragon
 53779 | Vaults:5 | Got a slimy steel ring
 53915 | Vaults:5 | Upgraded the game from 0.27-a0-3-gcf006a40f5 to
                  | 0.27-a0-13-g87abb2d9eb
 54288 | Lair:1   | Identified the cursed ring of the Lusting Madman {+Fly rF+
                  | Str+2 Int-4} (You found it on level 5 of the Vaults)
 54296 | Lair:1   | Lost mutation: Your magical capacity is low. (-10% MP)
                  | [potion of mutation]
 54296 | Lair:1   | Lost mutation: Scrolls take you a little longer to read.
                  | [potion of mutation]
 54296 | Lair:1   | Gained mutation: Your body sometimes deteriorates upon
                  | taking damage. [potion of mutation]
 54296 | Lair:1   | Gained mutation: You are weak. (Str -2) [potion of
                  | mutation]
 54296 | Lair:1   | Lost mutation: You are weak. (Str -2) [potion of mutation]
 54296 | Lair:1   | Gained mutation: You are covered in fur. (AC +1) [potion of
                  | mutation]
 54488 | Depths:1 | Entered Level 1 of the Depths
 54514 | Depths:1 | Found a gateway to Hell.
 54768 | Depths:1 | Reached XP level 25. HP: 176/199 MP: 31/34
 54777 | Depths:1 | Noticed Mara
 54779 | Depths:1 | Noticed sahdkjhfkaj's illusion
 54813 | Depths:1 | Killed Mara
 55025 | Depths:1 | Noticed Sojobo
 55049 | Depths:1 | Killed Sojobo
 55219 | Depths:1 | Found a gateway to a ziggurat.
 55662 | Depths:1 | Found a corrupted altar of Lugonu.
 55665 | Depths:1 | Found a one-way gate to the infinite horrors of the Abyss.
 55888 | Depths:2 | Found a shimmering altar of Xom.
 57186 | Depths:2 | Noticed Saint Roka
 57212 | Depths:2 | Killed Saint Roka
 57276 | Depths:2 | Found a one-way gate leading to the halls of Pandemonium.
 57701 | Depths:3 | Found Irack's Armour Shoppe.
 57897 | Depths:3 | Found Furied's Distillery.
 58269 | Depths:3 | Reached XP level 26. HP: 175/209 MP: 27/34
 58409 | Depths:3 | Reached skill level 15 in Dodging
 58624 | Depths:3 | Noticed a juggernaut
 58646 | Depths:3 | Killed a juggernaut
 59043 | Depths:3 | Found Danoul's Book Emporium.
 59657 | Depths:4 | Found Seempute's Antique Armour Shoppe.
 59719 | Depths:4 | Got a coiled golden ring
 59837 | Depths:4 | Found a runed translucent door.
 59837 | Depths:4 | Found a shimmering altar of Xom.
 59837 | Depths:4 | Noticed Plog's ghost (adept DgCj)
 59871 | Depths:4 | Killed Plog's ghost
 59873 | Depths:4 | Identified Ponaetia's Disquisition on the Blaze and Dark
                  | Rites
 60227 | Depths:4 | Noticed a juggernaut
 60239 | Depths:4 | Killed a juggernaut
 60279 | Depths:4 | Identified the Collected Works on Toxins and Changing
 60347 | Depths:4 | Acquired 692 gold pieces
 60349 | Depths:4 | Identified the ring "Caatem" {+Blink Will+ MP-9 Str-3
                  | Slay+5} (You found it on level 4 of the Depths)
 60374 | Depths:5 | Entered Level 5 of the Depths
 60651 | Depths:5 | Got a crude amber ring
 61371 | Depths:5 | Reached XP level 27. HP: 190/219 MP: 21/34
 61653 | Depths:5 | Found a gate to the Realm of Zot.
 61956 | Depths:4 | Identified the ring "Vitekun" {rElec MP+9 SInv} (You found
                  | it on level 5 of the Depths)
 62330 | Hell     | Entered the Vestibule of Hell
 62340 | Hell     | Noticed Geryon
 63117 | Hell     | Killed Geryon
 63490 | Hell     | Found a gateway to the freezing wastes of Cocytus.
 64080 | Hell     | Found a gateway to the decaying netherworld of Tartarus.
 64152 | Hell     | Found a gateway to the ashen valley of Gehenna.
 64219 | Hell     | Found a gateway to the Iron City of Dis.
 64424 | Zot:1    | Entered Level 1 of the Realm of Zot
 64954 | Slime:1  | Entered Level 1 of the Pits of Slime
 65109 | Slime:2  | Noticed Dissolution
 65120 | Slime:1  | Killed Dissolution
 65122 | Slime:1  | Gained mutation: Your spells are a little easier to cast,
                  | but a little less powerful. [a shining eye]
 65205 | Slime:5  | Entered Level 5 of the Pits of Slime
 65298 | Slime:5  | Noticed the Royal Jelly
 65299 | Slime:5  | Found the cursed necklace of Bloodlust {*Rage +Rage Will++
                  | Int-3 Slay+6 *Curse}
 65299 | Slime:5  | Found a viscous altar of Jiyva.
 65314 | Slime:5  | Killed the Royal Jelly
 65550 | Slime:5  | Got a slimy rune of Zot
 65626 | Slime:5  | Got a wavering platinum ring
 65627 | Slime:5  | Identified the ring of Faezur {+Fly Will+} (You found it on
                  | level 5 of the Pits of Slime)
 65697 | Slime:1  | Gained mutation: You are frail. (-10% HP) [a shining eye]
 65700 | Slime:1  | Lost mutation: Armour fits poorly on your strangely shaped
                  | body. [potion of mutation]
 65700 | Slime:1  | Gained mutation: You have an increased reservoir of magic.
                  | (+10% MP) [potion of mutation]
 65700 | Slime:1  | Gained mutation: You possess an exceptional clarity of
                  | mind. [potion of mutation]
 65700 | Slime:1  | Gained mutation: You are strong-willed. (Will+) [potion of
                  | mutation]
 65701 | Slime:1  | Lost mutation: Your spells are a little easier to cast, but
                  | a little less powerful. [potion of mutation]
 65701 | Slime:1  | Lost mutation: You have an increased reservoir of magic.
                  | (+10% MP) [potion of mutation]
 65701 | Slime:1  | Lost mutation: You are strong-willed. (Will+) [potion of
                  | mutation]
 65701 | Slime:1  | Gained mutation: Your mind is acute. (Int +2) [potion of
                  | mutation]
 65702 | Slime:1  | Lost mutation: You are covered in fur. (AC +1) [potion of
                  | mutation]
 65702 | Slime:1  | Lost mutation: You possess an exceptional clarity of mind.
                  | [potion of mutation]
 65702 | Slime:1  | Lost mutation: Your body sometimes deteriorates upon taking
                  | damage. [potion of mutation]
 65702 | Slime:1  | Lost mutation: You are frail. (-10% HP) [potion of
                  | mutation]
 65702 | Slime:1  | Gained mutation: You do not regenerate when monsters are
                  | visible. [potion of mutation]
 65702 | Slime:1  | Gained mutation: You are agile. (Dex +2) [potion of
                  | mutation]
 66305 | Depths:4 | Voluntarily entered the Abyss.
 66317 | Abyss:1  | Killed Grinder
 66954 | Abyss:5  | Entered Level 5 of the Abyss
 67287 | Abyss:5  | Lost mutation: You are agile. (Dex +2) [a neqoxec]
 67305 | Depths:4 | Escaped the Abyss
 67502 | Depths:4 | Voluntarily entered the Abyss.
 67520 | Abyss:1  | Killed Bai Suzhen
 67568 | Depths:4 | Escaped the Abyss
 67715 | Depths:4 | Voluntarily entered the Abyss.
 67890 | Depths:4 | Escaped the Abyss
 68066 | Zot:1    | You fall into a shaft and drop 1 floor!
 68341 | Zot:1    | Identified a +9 battleaxe of distortion (a +7 battleaxe of
                  | electrocution corrupted by Lugonu)
 68341 | Zot:1    | Received a gift from Lugonu
 69104 | Zot:1    | Noticed an orb of fire
 69104 | Zot:1    | Gained mutation: Armour fits poorly on your strangely
                  | shaped body. [an orb of fire]
 69107 | Zot:1    | Banished an orb of fire
 70508 | Zot:3    | Noticed a Killer Klown
 70508 | Zot:3    | Noticed an ancient lich
 70527 | Zot:2    | Killed a Killer Klown
 70564 | Zot:2    | Killed an ancient lich
 70635 | Zot:3    | Noticed a Killer Klown
 70639 | Zot:3    | Banished a Killer Klown
 70639 | Zot:3    | Noticed a Killer Klown
 70642 | Zot:3    | Banished a Killer Klown
 70888 | Zot:3    | You fall into a shaft and drop 1 floor!
 70974 | Zot:5    | Entered Level 5 of the Realm of Zot
 71059 | Zot:3    | Noticed a Killer Klown
 71067 | Zot:3    | Banished a Killer Klown
 72937 | Zot:5    | Found a large runed translucent door.
 72939 | Zot:5    | Found a large runed translucent door.
 72940 | Zot:5    | Found the cursed +14 obsidian axe {vorpal, +Fly SInv
                  | *Curse}
 72941 | Zot:5    | Noticed sokol815's ghost (legendary OpIE)
 73708 | Zot:5    | Noticed an orb of fire
 73712 | Zot:5    | Noticed an orb of fire
 73713 | Zot:5    | Noticed an orb of fire
 73714 | Zot:5    | Noticed an orb of fire
 73719 | Zot:4    | Banished an orb of fire
 73774 | Zot:5    | Noticed an orb of fire
 73785 | Zot:5    | Gained mutation: Your spells are a little easier to cast,
                  | but a little less powerful. [an orb of fire]
 73785 | Zot:5    | Noticed an orb of fire
 73785 | Zot:5    | Noticed an orb of fire
 73792 | Zot:4    | Gained mutation: You occasionally shout uncontrollably at
                  | your foes. [an orb of fire]
 73802 | Zot:4    | Killed an orb of fire
 73905 | Zot:5    | Gained mutation: Your body sometimes deteriorates upon
                  | taking damage. [an orb of fire]
 73939 | Zot:5    | Gained mutation: Your body often deteriorates upon taking
                  | damage. [an orb of fire]
 74071 | Zot:5    | Lost mutation: Your mind is acute. (Int +2) [an orb of
                  | fire]
 74071 | Zot:5    | Gained mutation: You are dopey. (Int -2) [an orb of fire]
 74085 | Zot:4    | Reached skill level 1 in Evocations
 74227 | Zot:5    | Gained mutation: You sometimes yell uncontrollably at your
                  | foes. [an orb of fire]
 74227 | Zot:5    | Gained mutation: You are very dopey. (Int -4) [an orb of
                  | fire]
 74227 | Zot:5    | Gained mutation: Your magical capacity is low. (-10% MP)
                  | [an orb of fire]
 74251 | Zot:4    | Killed an orb of fire
 74252 | Zot:4    | Reached skill level 5 in Evocations
 74445 | Zot:5    | Gained mutation: Your magical capacity is very low. (-20%
                  | MP) [an orb of fire]
 74451 | Zot:4    | Gained mutation: Scrolls take you a little longer to read.
                  | [an orb of fire]
 74458 | Zot:4    | Gained mutation: Your magical capacity is extremely low.
                  | (-30% MP) [an orb of fire]
 74460 | Zot:4    | Killed an orb of fire
 74534 | Zot:5    | Gained mutation: You are clumsy. (Dex -2) [an orb of fire]
 74534 | Zot:5    | Gained mutation: You are weak. (Str -2) [an orb of fire]
 74534 | Zot:5    | Gained mutation: You frequently scream uncontrollably at
                  | your foes. [an orb of fire]
 74535 | Zot:5    | Gained mutation: You are very clumsy. (Dex -4) [an orb of
                  | fire]
 74535 | Zot:5    | Gained mutation: You are very weak. (Str -4) [an orb of
                  | fire]
 74538 | Zot:5    | Gained mutation: Potions are less effective at restoring
                  | your health. [an orb of fire]
 74545 | Zot:4    | Killed an orb of fire
 74717 | Zot:4    | Banished an orb of fire
 74872 | Zot:5    | Gained mutation: Potions are poor at restoring your health.
                  | [an orb of fire]
 74873 | Zot:5    | Gained mutation: You are frail. (-10% HP) [an orb of fire]
 74874 | Zot:5    | Noticed an orb of fire
 74883 | Zot:4    | Gained mutation: Scrolls take you longer to read. [an orb
                  | of fire]
 74888 | Zot:4    | Killed an orb of fire
 74965 | Zot:4    | Lost mutation: Armour fits poorly on your strangely shaped
                  | body. [potion of mutation]
 74965 | Zot:4    | Lost mutation: You are frail. (-10% HP) [potion of
                  | mutation]
 74965 | Zot:4    | Lost mutation: You frequently scream uncontrollably at your
                  | foes. [potion of mutation]
 74965 | Zot:4    | Lost mutation: You sometimes yell uncontrollably at your
                  | foes. [potion of mutation]
 74965 | Zot:4    | Lost mutation: Scrolls take you longer to read. [potion of
                  | mutation]
 74965 | Zot:4    | Gained mutation: Your flesh is heat resistant. (rF+)
                  | [potion of mutation]
 74991 | Zot:4    | Lost mutation: Your magical capacity is extremely low.
                  | (-30% MP) [potion of mutation]
 74991 | Zot:4    | Lost mutation: You occasionally shout uncontrollably at
                  | your foes. [potion of mutation]
 74991 | Zot:4    | Lost mutation: Your flesh is heat resistant. (rF+) [potion
                  | of mutation]
 74991 | Zot:4    | Gained mutation: Your system is resistant to poisons.
                  | (rPois) [potion of mutation]
 75016 | Zot:4    | Lost mutation: You are very clumsy. (Dex -4) [potion of
                  | mutation]
 75016 | Zot:4    | Lost mutation: Your system is resistant to poisons. (rPois)
                  | [potion of mutation]
 75016 | Zot:4    | Gained mutation: Your movements are slightly less
                  | encumbered by armour. (ER -2) [potion of mutation]
 75118 | Zot:5    | Noticed an ancient lich
 75118 | Zot:5    | Gained mutation: You are frail. (-10% HP) [an orb of fire]
 75118 | Zot:5    | Noticed an ancient lich
 75120 | Zot:5    | Noticed an ancient lich
 75123 | Zot:4    | Gained mutation: You are very clumsy. (Dex -4) [an orb of
                  | fire]
 75130 | Zot:4    | Banished an orb of fire
 75134 | Zot:4    | Killed an ancient lich
 75135 | Zot:4    | Reached skill level 10 in Evocations
 75210 | Zot:4    | Banished an ancient lich
 75241 | Zot:5    | Noticed an ancient lich
 75426 | Zot:5    | Noticed an orb of fire
 75427 | Zot:5    | Noticed an orb of fire
 75431 | Zot:4    | Killed an ancient lich
 75439 | Zot:4    | Killed an ancient lich
 75559 | Zot:4    | Banished an orb of fire
 75663 | Zot:5    | Gained mutation: You are very frail. (-20% HP) [an orb of
                  | fire]
 75666 | Zot:5    | Gained mutation: Your magical capacity is extremely low.
                  | (-30% MP) [an orb of fire]
 75680 | Zot:4    | Killed an orb of fire
 75807 | Zot:5    | Noticed a Killer Klown
 75905 | Zot:4    | Lost mutation: You do not regenerate when monsters are
                  | visible. [potion of mutation]
 75905 | Zot:4    | Lost mutation: You are very weak. (Str -4) [potion of
                  | mutation]
 75905 | Zot:4    | Lost mutation: Your magical capacity is extremely low.
                  | (-30% MP) [potion of mutation]
 75905 | Zot:4    | Lost mutation: Scrolls take you a little longer to read.
                  | [potion of mutation]
 75905 | Zot:4    | Gained mutation: You are resistant to electric shocks.
                  | (rElec) [potion of mutation]
 75906 | Zot:4    | Lost mutation: You are very frail. (-20% HP) [potion of
                  | mutation]
 75906 | Zot:4    | Lost mutation: You are frail. (-10% HP) [potion of
                  | mutation]
 75906 | Zot:4    | Lost mutation: Your body often deteriorates upon taking
                  | damage. [potion of mutation]
 75906 | Zot:4    | Lost mutation: You are very dopey. (Int -4) [potion of
                  | mutation]
 75906 | Zot:4    | Lost mutation: You are dopey. (Int -2) [potion of mutation]
 75969 | Zot:4    | Banished a Killer Klown
 76110 | Zot:5    | Noticed a Killer Klown
 76126 | Zot:5    | Banished a Killer Klown
 76422 | Zot:5    | Reached skill level 15 in Evocations
 78272 | Zot:5    | Got the Orb of Zot
 78377 | Zot:4    | Noticed Tacikhod the pandemonium lord
 78406 | Zot:4    | Killed Tacikhod the pandemonium lord
 78694 | D:13     | Noticed Toxzixuh the pandemonium lord
 78827 | Abyss:1  | HP: 6/224 [Killer Klown/klown pie (26)]
 78828 | Abyss:1  | Slain by a Killer Klown

Illustrated notes

Levels and vault maps discovered:
D:1:      dpeg_arrival_simpleton_c, layout_basic
D:2:      layout_basic, nicolae_overflow_crystal_walls,
          chequers_decorated_corner, minmay_cut_off
D:3:      layout_basic, kennysheep_generic_room_6, uniq_sigmund, uniq_jessica
D:4:      layout_loops_ring, grunt_ministairs_2
D:5:      layout_cave_pods, general_overflow_altar, hex_medium,
          trog_three_pillars_becter, uniq_edmund, uniq_ijyb, uniq_grinder,
          uniq_menkaure
D:6:      layout_cave_pods, nicolae_gozag_seed_capital, trog_ov_bears_minmay,
          minmay_temple_entry_from_below_b
D:7:      minmay_the_grid_plus_closed [minmay_the_grid_zigzag_pyramid,
          minmay_the_grid_small_cups, minmay_the_grid_odd_star,
          minmay_the_grid_minigrid_large, minmay_the_grid_prize_diamond_cup],
          layout_rooms, uniq_harold
D:8:      layout_rooms, uniq_grum
D:9:      layout_basic, old_standard_altar, overflow_temple_1_default,
          orc_0_dummy
D:10:     layout_irregular_city, serial_shops,
          nicolae_shop_temple_entry_statues_fountains, uniq_josephine,
          uniq_erolcha
D:11:     layout_rooms, minmay_lair_entry_grove
D:12:     layout_gridville, basic_altar
D:13:     layout_loops_corners, nicolae_trove_entry_diagonal, uniq_nessos
D:14:     layout_rooms, david_vaults_5, serial_shops, nicolae_shop_crystal,
          enter_bailey_3, nicolae_dithmenos_through_a_glass_darkly
D:15:     gammafunk_depths_entry_grave, layout_rooms, minivault_14,
          serial_shops, shop
Lair:1:   layout_loops_ring, minmay_lair_oklob_chamber
Lair:2:   layout_cave_pods, elwin_shoals_entry_stream, serial_bayou,
          serial_bayou_lake_a, serial_bayou_shore_b, serial_bayou_pond_a,
          serial_bayou_pond_d, chequers_serial_rivers_small_3
Lair:3:   layout_gridlike, spider_nest_entry_rubble, serial_bayou,
          serial_bayou_lagoon_a, serial_bayou_shore_b, serial_bayou_shore_b,
          nicolae_volcano_entry_s_turn
Lair:4:   layout_roguey, cheibrodos_lair_lostbears, serial_bayou_shore_a,
          serial_bayou_shore_b, lemuel_fruit_fields
Lair:5:   layout_misc_corridors, serial_forest, infiniplex_forest_clump_cross,
          infiniplex_forest_zigzag_1, infiniplex_forest_corner_1,
          infiniplex_forest_clump_double, infiniplex_forest_lined_corner,
          infiniplex_forest_clump_diagonal, infiniplex_forest_straight_2,
          infiniplex_forest_clump_curved, infiniplex_forest_straight_2,
          infiniplex_forest_zigzag_2, infiniplex_staircase_pool_2
Lair:6:   hangedman_lair_caniforms_friends, layout_cave_pods, wormcave,
          nicolae_slime_entry_slimehenge, chequers_serial_rivers_large_a,
          minivault_27, wad_woods_road_03, eino_small_chamber_without_monster
Shoals:1: layout_shoals, uniq_frances
Shoals:2: layout_shoals, uniq_kirke
Shoals:3: layout_shoals, serial_shops, nicolae_shop_crystal
Shoals:4: shoals_end_simple, layout_shoals, nicolae_shoals_dead_sea_scrolls
Spider:1: layout_spider_delve, drop_trap, hangedman_spider_tarantella_strand
Spider:2: layout_spider_delve
Spider:3: layout_chambers, uniq_bai_suzhen
Spider:4: spider_rune_water, nicolae_spider_cling_ruins, uniq_louise, uniq_agnes
Slime:1:  cheibrodos_slime_lost_civilization_9, layout_caves
Slime:2:  layout_caves, dissolution_awaits
Slime:3:  layout_caves
Slime:4:  layout_caves
Slime:5
Orc:1:    layout_diamond_mine
Orc:2:    st_orc_rangers, layout_diamond_mine, roderic_batcave,
          nicolae_orc_lava_tube, mines3_lemuel
Elf:1:    layout_gridlike, basic_altar, mu_enter_wizlab_6, minivault_28,
          minmay_misc_feat_rows
Elf:2:    layout_loops_cross, uniq_aizul
Elf:3:    minmay_elf_hall_quartered_circle, layout_geoelf_castle,
          serial_sigils_hangedman_etch
Vaults:1: hangedman_vaults_pinch, hangedman_vaults_corner,
          dpeg_vaults_monster_row, ontoclasm_vaults_chip,
          nicolae_vaults_fighting_squares, nicolae_vaults_little_squares_6,
          vaults_room_door_hall, layout_vaults_omnicross
Vaults:2: gammafunk_vaults_ghost_tricky_traps, vaults_mumra_hexcomb,
          ontoclasm_vaults_ligature, vaults_mumra_hex,
          minmay_crypt_entry_simple_walls,
          nicolae_vaults_windows_and_doors_thing, nicolae_vaults_angled_halls,
          grunt_vaults_funnel, nicolae_vaults_little_ls, layout_vaults_omnigrid
Vaults:3: vaults_room_hallway, vaults_dpeg_ring, v_rooms_6,
          nicolae_vaults_theta, vaults_dpeg_spiral,
          nicolae_vaults_little_squares_3, ontoclasm_vaults_loading_screen,
          v_rooms_3, hangedman_vaults_nails, vaults_standard_mumra_x,
          grunt_vaults_bifocal, layout_vaults_maze_snakey, serial_shops,
          shop_fountains, uniq_donald
Vaults:4: nicolae_vaults_border_crossing, v_rooms_1, v_misc_13,
          nicolae_vaults_network_barrier, ontoclasm_vaults_pinch,
          vaults_standard_mumra_enter_the_diamond, vaults_standard_mumra_lines,
          ontoclasm_vaults_bender, ontoclasm_vaults_ring_small,
          vaults_room_large_hall, nicolae_vaults_what_the_h,
          nicolae_vaults_diagonal_hallway_7, v_misc_23, st_more_cells,
          layout_vaults_omnibox
Vaults:5
Depths:1: layout_small_grid, enter_ziggurat_b, pf_coc_iceberg,
          chequers_serial_rivers_room_a, roderic_roman_lattice,
          minmay_fountain_box, amcnicky_altar_lugonu_corruption,
          grunt_megastairs_5, uniq_sojobo, uniq_mara
Depths:2: minmay_connected_boxes_in_corner, layout_basic, pan_entry,
          abyss_entry, hell_entry, nicolae_twisting_strands, xom_teletrap_fun,
          uniq_saint_roka
Depths:3: kennysheep_large_spiral, layout_small_grid, serial_sigils,
          serial_sigils_hangedman_scratch, serial_sigils_hangedman_gnaw,
          serial_sigils_hangedman_leer, serial_sigils_hangedman_snap,
          serial_shops, nicolae_shop_window_shopping, shop, nicolae_shop_trees,
          rand_demon_pan_entry_3, hell_entry
Depths:4: cheibrodos_hall_of_evolution, layout_cave_pools, ebering_ghost_xom,
          serial_shops, shop_fountains, abyss_entry, fountainhead,
          grunt_hell_horde, kennysheep_dice
Depths:5: grunt_zot_entry_hairpin, layout_gridville, hell_entry,
          serial_sigils_hangedman_stare, minmay_misc_feat_square
Hell
Zot:1:    layout_twisted_circle, hangedman_swamp_dais, grunt_megastairs_4
Zot:2:    layout_misc_corridors, nicolae_zot_crop_circle
Zot:3:    ebering_klown_carousel, layout_cellular_growth
Zot:4:    layout_gridlike
Zot:5:    layout_basic, ebering_ghost_disaster_area
Abyss:1:  base: Temple, base: Temple, base: D:3, base: Vaults:3, base: D:1,
          base: D:7, base: Temple, base: Orc:1, base:
Zot:2

Skill      XL: |  1  2  3  4  5  6  7  8  9 10 11 12 13 14 15 16 17 18 19 20 21 22 23 24 25 26 27 |
---------------+----------------------------------------------------------------------------------+-----
Dodging        | 1 2 3 5 6 7 8 9 10 11 12 13 14 15 20 | 20.0
Maces & Flails | 1 |  1.2
Armour         | 3 4 6 8 9 10 11 12 13 14 15 16 17 18 20 | 20.0
Fighting       | 4 5 7 8 9 10 11 12 13 14 15 16 17 18 20 | 20.0
Invocations    | 5 9 10 11 12 13 15 | 15.0
Axes           | 5 10 11 12 13 14 15 16 17 18 19 20 24 | 24.9
Shields        | 4 12 15 16 17 18 19 21 24 25 | 25.0
Evocations     | 16 | 16.0
Stealth        | 2 |  2.5

Action                   |  1- 3 |  4- 6 |  7- 9 | 10-12 | 13-15 | 16-18 | 19-21 | 22-24 | 25-27 || total
-------------------------+-------+-------+-------+-------+-------+-------+-------+-------+-------++-------
Melee: Hand axe          |    17 |       |       |       |    93 |    10 |       |       |       ||   120
       Whip              |    80 |   217 |   524 |   233 |       |       |       |       |       ||  1054
       War axe           |       |       |       |   608 |  1443 |   650 |       |       |       ||  2701
       Battleaxe         |       |       |       |       |       |   946 |  1343 |  1602 |  2581 ||  6472
Invok: Depart the Abyss  |     1 |       |       |       |     1 |     1 |       |     2 |     3 ||     8
       Banish            |       |       |     3 |     4 |       |     6 |       |       |       ||    13
       Enter the Abyss   |       |       |       |       |     1 |       |       |     2 |     1 ||     4
       Corrupt           |       |       |       |       |       |       |       |     1 |       ||     1
       Brand Weapon With |       |       |       |       |       |       |       |       |     1 ||     1
 Abil: Dig               |       |       |       |       |       |       |     8 |     1 |    17 ||    26
Evoke: Wand              |       |       |       |       |     1 |     2 |     1 |     1 |     1 ||     6
       Lightning rod     |       |       |       |       |       |     1 |       |       |       ||     1
       Condenser vane    |       |       |       |       |       |       |       |     2 |     2 ||     4
       Tin of tremorston |       |       |       |       |       |       |       |     2 |     1 ||     3
  Use: Scroll            |     1 |     1 |     7 |       |     8 |    19 |     4 |    10 |    19 ||    69
       Potion            |     1 |     1 |       |       |       |     1 |       |    17 |    12 ||    32
 Stab: Paralysed         |       |       |       |       |       |     3 |       |       |       ||     3
       Distracted        |       |       |       |       |       |       |     1 |     2 |     1 ||     4
       Confused          |       |       |       |       |       |       |       |     8 |       ||     8
Armor: Leather armour    |    16 |       |       |       |       |       |       |       |       ||    16
       Ring mail         |    26 |    19 |       |       |       |       |       |       |       ||    45
       Plate armour      |       |   122 |   466 |   793 |   983 |   614 |   303 |   404 |   238 ||  3923
       Gold dragon scale |       |       |       |       |       |       |       |       |   528 ||   528
Dodge: Dodged            |    49 |   108 |   238 |   489 |   609 |   438 |   288 |   399 |   627 ||  3245
Block: Buckler           |       |       |       |       |    81 |       |       |       |       ||    81
       Kite shield       |       |       |       |       |   669 |    91 |       |       |       ||   760
       Tower shield      |       |       |       |       |       |  2070 |  1435 |  2235 |  2952 ||  8692

Table legend: (Time is in decaauts)
 A = Elapsed time spent in this place.
 B = Non-inter-level travel time spent in this place.
 C = Inter-level travel time spent in this place.
 D = Time resting spent in this place.
 E = Time spent auto-exploring this place.
 F = Levels seen in this place.
 G = Mean time per level.
                   A        B        C        D        E       F      G
               +--------+--------+--------+--------+--------+-----+--------+
         Total |  77857 |  70824 |   7033 |   4504 |  49328 |  72 | 1081.3 |
       Dungeon |  20305 |  17904 |   2401 |    239 |  13745 |  15 | 1353.7 |
          Lair |  11058 |  10093 |    965 |    512 |   7799 |   6 | 1843.0 |
        Shoals |   3563 |   3381 |    182 |      0 |   2238 |   4 |  890.8 |
   Spider Nest |   4280 |   4136 |    144 |      0 |   3189 |   4 | 1070.0 |
    Slime Pits |    606 |    588 |     18 |    224 |      0 |   5 |  121.2 |
  Orcish Mines |   1936 |   1642 |    294 |    107 |   1037 |   2 |  968.0 |
   Elven Halls |   3839 |   3703 |    136 |     15 |   2398 |   3 | 1279.7 |
        Vaults |   8741 |   7793 |    948 |    114 |   5419 |   5 | 1748.2 |
        Depths |   9272 |   7726 |   1546 |   1010 |   5237 |   5 | 1854.4 |
          Hell |    853 |    831 |     22 |      0 |    470 |   1 |  853.0 |
           Zot |  10418 |  10046 |    372 |   2038 |   6290 |   5 | 2083.6 |
         Abyss |   1390 |   1390 |      0 |    241 |    577 |  14 |   99.3 |
         Trove |     57 |     57 |      0 |      0 |     23 |   1 |   57.0 |
        Bailey |    642 |    642 |      0 |      0 |    419 |   1 |  642.0 |
        Wizlab |    890 |    890 |      0 |      3 |    484 |   1 |  890.0 |
               +--------+--------+--------+--------+--------+-----+--------+

Top non-repeatable levels by time:
   Zot:4: 3537 daAuts
   Zot:5: 3142 daAuts
  Lair:6: 3103 daAuts
Depths:5: 3086 daAuts
    D:10: 2367 daAuts
Vaults:5: 2191 daAuts
    D:13: 2142 daAuts
     D:7: 1938 daAuts
Vaults:2: 1871 daAuts
  Lair:1: 1858 daAuts
Vaults:4: 1851 daAuts
Depths:1: 1770 daAuts
Depths:4: 1710 daAuts
  Lair:3: 1663 daAuts
  Lair:2: 1643 daAuts
